 Dungeon Crawl Stone Soup version 0.24.0-123-gd5b16e6ec5 (webtiles) character file.

Game seed: 1929659440398435411, levelgen mode: deterministic

97 Norian the Conjurer (level 4, 0/24 HPs)
             Began as a Deep Elf Conjurer on Dec 20, 2019.
             Slain by a gnoll
             ... wielding a +0 vampiric spear
              (3 damage)
             ... on level 3 of the Dungeon.
             The game lasted 00:02:33 (2253 turns).

Norian the Conjurer (Deep Elf Conjurer)             Turns: 2253, Time: 00:02:33

Health: 0/24       AC:  3    Str:  6    XL:     4   Next: 42%
Magic:  2/13       EV: 13    Int: 20    God:
Gold:   114        SH:  0    Dex: 15    Spells: 12/13 levels left

rFire    . . .     SeeInvis .   p - +0 short sword
rCold    . . .     Gourm    .   (no shield)
rNeg     . . .     Faith    .   e - +0 robe (curse)
rPois    .         Spirit   .   k - -1 helmet (curse)
rElec    .         Reflect  .   (no cloak)
rCorr    .         Harm     .   a - +0 pair of gloves
MR       .....                  (no boots)
Stlth    ++........             (no amulet)
HPRegen  0.08/turn              (no ring)
MPRegen  0.13/turn              (no ring)

@: lethally poisoned (0 -> -18)
A: no striking features
a: no special abilities


You were on level 3 of the Dungeon.
You were not hungry.

You visited 1 branch of the dungeon, and saw 3 of its levels.

You collected 114 gold pieces.

Inventory:

Hand Weapons
 p - a +0 short sword (weapon)
Armour
 a - a +0 pair of gloves (worn)
 e - a cursed +0 robe (worn)
 k - a cursed -1 helmet (worn)
Jewellery
 f - a +3 amulet of reflection {unknown}
 n - an uncursed ring of protection from cold
Scrolls
 b - 2 scrolls of identify {unknown}
 d - 2 scrolls of amnesia {unknown}
 h - a scroll of enchant armour {unknown}
 i - a scroll of remove curse {unknown}
 j - 2 scrolls of enchant weapon {unknown}
 l - a scroll of immolation {unknown}
 m - a scroll of fear {unknown}
 q - a scroll of blinking {unknown}
Potions
 g - a potion of curing {unknown}
 o - a potion of brilliance {unknown}
Comestibles
 c - 8 rations


   Skills:
 - Level 2.4 Dodging
 - Level 2.4 Stealth
 + Level 5.0 Spellcasting
 + Level 5.5 Conjurations


You had 12 spell levels left.
You knew the following spells:

 Your Spells              Type           Power        Failure   Level  Hunger
a - Magic Dart            Conj           ####         1%          1    None

Your spell library contained the following spells:

 Spells                   Type           Power        Failure   Level  Hunger
 Searing Ray              Conj           ####..       1%          2    None
 Dazzling Spray           Conj/Hex       ###...       11%         3    ##.....
 Iskenderun's Mystic Bla  Conj           ####....     12%         4    ####...
 Force Lance              Conj/Tloc      ###.....     36%         4    ####...
 Fulminant Prism          Conj/Hex       ###.......   36%         4    ####...


Dungeon Overview and Level Annotations

Branches:
Dungeon (3/15)

Altars:


Message History

Press: ? - help, Shift-Dir - straight line, f/p - gnoll
Aim: a gnoll, wielding a +2 halberd of venom (heavily wounded)
The magic dart hits the gnoll but does no damage.
The gnoll is heavily wounded.
You feel sick.
The gnoll hits you from afar with a +2 halberd of venom!
You are more poisoned.
The gnoll hits you from afar with a +0 vampiric spear.
* * * LOW HITPOINT WARNING * * *
Casting: Magic Dart (safe; 1% risk of failure)
Confirm with . or Enter, or press ? or * to list all spells.
Aiming: Magic Dart (safe; 1% risk of failure)
Press: ? - help, Shift-Dir - straight line, f/p - gnoll
Aim: a gnoll, wielding a +2 halberd of venom (heavily wounded)
The magic dart hits the gnoll.
The gnoll is severely wounded.
* * * LOW HITPOINT WARNING * * *
You feel sick.
The gnoll hits you from afar with a +0 vampiric spear.
You die...

#.##.#.......#..#.#
#.##...............
#.##.#..##.#.#..#.#
#.##>..)†..g..)....
#.####.#.#.#....#.#
#......#.#.####.#.#
#..gg..#.#[# #..#..
#......#.#.# #.##..
##@...##.#.# #.##..
#....##.#.###.##.#
#....##.#.....##.#
#....# #........#
###### ##.#######
#.# #.# #.# ..#


You could see 2 gnolls.

Vanquished Creatures
  A gnoll (D:3)
  2 adders (D:2)
  3 worms (D:2)
  A dart slug (D:1)
  3 leopard geckos
  An orc (D:3)
  6 giant cockroaches
  6 goblins
  7 hobgoblins
  3 jackals (D:2)
  8 kobolds
  A quokka (D:2)
  3 ball pythons
  A frilled lizard (D:1)
  7 rats
53 creatures vanquished.

Notes
Turn   | Place    | Note
-------+----------+-------------------------------------------
     0 | D:1      | Norian the Deep Elf Conjurer began the quest for the Orb.
     0 | D:1      | Reached XP level 1. HP: 10/10 MP: 6/6
   255 | D:1      | Reached XP level 2. HP: 15/15 MP: 2/8
   843 | D:2      | Reached skill level 5 in Conjurations
   845 | D:2      | Reached XP level 3. HP: 19/19 MP: 3/10
  1443 | D:2      | Reached XP level 4. HP: 24/24 MP: 7/12
  2242 | D:3      | Reached skill level 5 in Spellcasting
  2253 | D:3      | Slain by a gnoll

Levels and vault maps discovered:
D:1:      minmay_arrival_up_and_down, layout_loops_cross
D:2:      wander_river, layout_loops_ring
D:3:      layout_basic

Skill      XL: |  1  2  3  4 |
---------------+-------------+-----
Spellcasting   | 4 5 |  5.0
Conjurations   | 5 |  5.5
Dodging        | |  2.4
Stealth        | |  2.4

Action                   |  1- 3 |  4- 6 || total
-------------------------+-------+-------++-------
Melee: Unarmed           |     4 |       ||     4
 Cast: Magic Dart        |    86 |    49 ||   135
  Eat: Chunk             |     1 |       ||     1
       Ration            |       |     1 ||     1
Dodge: Dodged            |     5 |     2 ||     7
